 Dungeon Crawl Stone Soup version 0.31-a0-1101-g9ad1905e61 (webtiles) character file.

Game seed: 3114030491231597306

15 gruber the Shooter (level 2, -2/22 HPs)
             Began as a Vampire Hunter on Dec 1, 2023.
             Killed by nerve-wracking pain
             ... invoked by Jessica
              (14 damage)
             ... on level 2 of the Dungeon.
             The game lasted 00:00:32 (742 turns).

gruber the Shooter (Vampire Hunter)                  Turns: 742, Time: 00:00:32

Health: -2/22      AC:  3    Str: 10    XL:     2   Next: 34%
Magic:  2/2        EV: 12    Int: 11    God:
Gold:   84         SH:  0    Dex: 17    Spells: 1/1 levels left

rFire   . . .        a - +0 shortbow
rCold   . . .        (shield currently unavailable)
rNeg    . . .        c - +0 leather armour
rPois   .            (no helmet)
rElec   .            (no cloak)
rCorr   .            (no gloves)
SInv    +            (no boots)
Will    .....        (no amulet)
Stlth   ++           (no ring)
HPRegen 0.43/turn    (no ring)
MPRegen 0.08/turn

%: no passive effects
@: healing quickly
A: alive, fangs 3, see invisible, vampiric 1
a: Exsanguinate


You were on level 2 of the Dungeon.
You visited 1 branch of the dungeon, and saw 2 of its levels.

You collected 84 gold pieces.

Inventory:

Hand Weapons
 a - a +0 shortbow (weapon)
Armour
 c - a +0 leather armour (worn)
Scrolls
 b - a scroll of butterflies
 e - a scroll of enchant weapon {unknown}
 g - a scroll of enchant armour {unknown}
 h - 3 scrolls of identify {unknown}
 i - a scroll of teleportation {unknown}
 j - a scroll of fear {unknown}
 k - a scroll of poison {unknown}
 m - a scroll of vulnerability {unknown}
Potions
 d - a potion of haste {unknown}
 f - 2 potions of attraction {unknown}
 l - a potion of berserk rage {unknown}


   Skills:
 - Level 1.7 Fighting
 + Level 3.8 Ranged Weapons
 - Level 2.1 Dodging
 - Level 1.5 Stealth


You had one spell level left.
You didn't know any spells.
Your spell library contained the following spells:

 Spells                   Type           Power      Damage    Failure   Level
 Cigotuvi's Dreadful Rot  Necr/Pois/Air  0%         N/A       58%         2
 Dispel Undead            Necr           0%         3d6       99%         4
 Death Channel            Necr           0%         N/A       100%        6


Dungeon Overview and Level Annotations

Branches:
Dungeon (2/15)

Altars:

Annotations:
D:2 Jessica


Innate Abilities, Weirdness & Mutations

Your natural rate of healing is accelerated.
You have razor-sharp teeth.
You have supernaturally acute eyesight. (SInv)
You are afflicted with vampirism.


Message History

Found 10 gold pieces.
A worm is nearby!
You shoot an arrow. The arrow hits the worm.
The worm is lightly wounded.
You shoot an arrow. The arrow barely misses the worm.
A worm is nearby!
You shoot an arrow. The arrow hits the worm.
The worm is lightly wounded.
Jessica the Apprentice Sorceress comes into view.
She is wielding a +0 dagger and wearing a +2 robe of willpower.
There are monsters nearby!
You shoot an arrow.
The arrow hits the worm but does no damage.
The worm is lightly wounded.
The worm closely misses you.
There are monsters nearby!
There are monsters nearby!
You shoot an arrow. The arrow hits the worm.
The worm is moderately wounded.
There are monsters nearby!
You shoot an arrow. The arrow completely misses the worm.
Jessica gestures at you while chanting. Pain shoots through your body!
Ouch! That really hurt!
The worm bites you!
* * * LOW HITPOINT WARNING * * *
You are too injured to fight recklessly!
There are monsters nearby!
There are monsters nearby!
You are too injured to fight recklessly!
You are too injured to fight recklessly!
There are monsters nearby!
You are too injured to fight recklessly!
There are monsters nearby!
Unknown command.
Unknown command.
Jessica looks very angry.
Jessica points at you and mumbles some strange words.
Pain shoots through your body!
Ouch! That really hurt!
You die...

#.......# #.#.#.#.#.#
####..### #.#.#.#.#(####
##....## #.#.#.#.#.....
#..#### #.#..<..######
###.## ######.#.#####
#>).#
#.......###########
#.###
#.................. #.#
######.......#####....##
#.# #......@##....#
#....#
#.####.#####.##....#
#....# #......#
#.#.....# ######
#....##### #.#.....#
####.....# #.#.....#
#.....# #@#.....#
#.....###.#.....#
#.....+.....#+#####
##....###......w..#


You could see Jessica.

Vanquished Creatures
  An endoplasm (D:1)
  2 giant cockroaches
  A goblin (D:1)
  2 hobgoblins (D:2)
  2 kobolds
  A quokka (D:2)
  2 ball pythons (D:1)
  A bat (D:1)
  A rat (D:1)
13 creatures vanquished.

Notes
Turn   | Place    | Note
-------+----------+-------------------------------------------
     0 | D:1      | gruber the Vampire Hunter began the quest for the Orb.
     0 | D:1      | Reached XP level 1. HP: 16/16 MP: 1/1
   201 | D:1      | Found a faded altar of an unknown god.
   334 | D:1      | Reached XP level 2. HP: 22/22 MP: 2/2
   721 | D:2      | Noticed Jessica
   742 | D:2      | Killed from afar by Jessica

Illustrated notes

Levels and vault maps discovered:
D:1:      dpeg_arrival_arbitrary_a, layout_rooms,
          shapermc_ecumenical_altar_starsandcircs, hex_large
D:2:      layout_basic, grunt_decor_fettered, uniq_terence, uniq_jessica,
          uniq_sigmund

Action                     || total
---------------------------++-------
   Fire: Shortbow          ||    36
 Armour: Leather armour    ||     4
  Dodge: Dodged            ||     4

Table legend: (Time is in decaauts)
 A = Elapsed time spent in this place.
 B = Non-inter-level travel time spent in this place.
 C = Inter-level travel time spent in this place.
 D = Time resting spent in this place.
 E = Time spent auto-exploring this place.
 F = Levels seen in this place.
 G = Mean time per level.
                   A        B        C        D        E       F      G
               +--------+--------+--------+--------+--------+-----+--------+
         Total |    751 |    727 |     24 |      0 |    624 |   2 |  375.5 |
       Dungeon |    751 |    727 |     24 |      0 |    624 |   2 |  375.5 |
               +--------+--------+--------+--------+--------+-----+--------+

Top non-repeatable levels by time:
     D:1: 515 daAuts
     D:2: 235 daAuts
